 Dungeon Crawl Stone Soup version 0.32-a0-975-g85d4e5bfdb (webtiles) character file.

Game seed: 8107063607735043669

37342 Maxmaps the Spear-Bearer (level 13, -5/96 HPs)
             Began as a Demonspawn Shapeshifter on Apr 19, 2024.
             Was an Initiate of Gozag.
             Killed from afar by a lindwurm (24 damage)
             ... with a blast of flame
             ... while petrified by a catoblepas
             ... on level 5 of the Lair of Beasts.
             The game lasted 00:21:06 (17164 turns).

Maxmaps the Spear-Bearer (Demonspawn Shapeshifter) Turns: 17164, Time: 00:21:06

Health: -5/96      AC: 13    Str: 15    XL:     13   Next: 57%
Magic:  13/13      EV:  2    Int: 12    God:    Gozag
Gold:   3255       SH:  0    Dex: 16    Spells: 12/12 levels left

rFire   x . .        q - +3 demon trident (elec)
rCold   + + .        (no shield)
rNeg    + + +        I - +0 ice dragon scales
rPois   ∞            (helmet currently unavailable)
rElec   .            (cloak currently unavailable)
rCorr   .            (gloves currently unavailable)
SInv    +            (boots unavailable)
Will    .....        E - amulet of regeneration Stlth
                     S - ring of see invisible
HPRegen 1.16/turn    e - +5 ring of evasion
MPRegen 0.13/turn

%: no passive effects
@: beast-form, petrified, studying Ice Magic
A: beast (slay +4), hooves 3, spiny 1, sharp scales 2, condensation shield
a: Begin Untransformation, Renounce Religion, Potion Petition, Call Merchant,
Bribe Branch


You were on level 5 of the Lair of Beasts.
You worshipped Gozag.
Gozag was most pleased with you.
You were a hulking beast.
You visited 3 branches of the dungeon, and saw 19 of its levels.
You also visited: Ice Cave.

You collected 3380 gold pieces.
You paid 125 gold pieces to Gozag.

Inventory:

Hand Weapons
 q - a +3 demon trident of electrocution (weapon)
 s - a +5 eveningstar of freezing
 X - a +1 battleaxe of freezing
Missiles
 m - 2 throwing nets (quivered)
Armour
 b - a +0 helmet
 h - a +2 scale mail of cold resistance
 l - +0 steam dragon scales
 t - a +1 chain mail
 A - +0 swamp dragon scales
 I - +0 ice dragon scales (worn)
 K - a +2 hat
Jewellery
 e - a +5 ring of evasion (right hand)
 i - a ring of protection from cold
 E - an amulet of regeneration (around neck)
 R - a +6 ring of strength
 S - a ring of see invisible (left hand)
 T - a +6 ring of intelligence
Talismans
 c - a beast talisman (active)
 d - a flux talisman
 P - a granite talisman
Wands
 f - a wand of flame (57)
 k - a wand of iceblast (13)
 u - a wand of paralysis (6)
 y - a wand of mindburst (13)
 U - a wand of quicksilver (4)
Scrolls
 g - 5 scrolls of teleportation
 j - 3 scrolls of identify
 w - 3 scrolls of vulnerability
 x - 4 scrolls of immolation
 D - 2 scrolls of amnesia
 F - 2 scrolls of enchant weapon
 O - 2 scrolls of brand weapon
 Q - 2 scrolls of poison
 V - a scroll of fog
Potions
 a - a potion of might
 n - 3 potions of curing
 o - 5 potions of enlightenment
 p - 6 potions of mutation
 r - 2 potions of magic
 v - 3 potions of ambrosia
 z - a potion of heal wounds
 B - 2 potions of brilliance
 C - a potion of cancellation
 G - a potion of invisibility
 H - 3 potions of degeneration
 J - 4 potions of haste
 L - a potion of attraction
 M - 2 potions of lignification
 N - 2 potions of resistance


   Skills:
 - Level 7.1 Fighting
 - Level 14.1 Polearms
 - Level 5.3 Armour
 - Level 1.7 Dodging
 - Level 2.6 Unarmed Combat
 + Level 13.4 Shapeshifting


You had 12 spell levels left.
You didn't know any spells.
Your spell library contained the following spells:

 Spells                   Type           Power      Damage    Failure   Level
 Magic Dart               Conj           0%         1d3       83%         1
 Slow                     Hex            0%         N/A       83%         1
 Sting                    Conj/Alch      0%         1d3       83%         1
 Blink                    Tloc           0%         N/A       93%         2
 Call Imp                 Summ           0%         N/A       93%         2
 Cigotuvi's Dreadful Rot  Necr/Alch/Air  0%         N/A       93%         2
 Ensorcelled Hibernation  Hex/Ice        0%         N/A       93%         2
 Lesser Beckoning         Tloc           0%         N/A       93%         2
 Mercury Vapours          Alch/Air       0%         N/A       93%         2
 Fugue of the Fallen      Necr           0%         N/A       99%         3
 Maxwell's Portable Pile  Tloc           0%         2d(5-13)  99%         3
 Passwall                 Erth           0%         N/A       99%         3
 Teleport Other           Tloc           0%         N/A       99%         3
 Anguish                  Hex/Necr       0%         N/A       100%        4
 Ignite Poison            Fire/Alch      0%         N/A       100%        4
 Olgreb's Toxic Radiance  Alch           0%         N/A       100%        4
 Alistair's Intoxication  Alch           0%         N/A       100%        5
 Borgnjor's Vile Clutch   Necr/Erth      0%         N/A       100%        5
 Freezing Cloud           Conj/Ice/Air   0%         6-21      100%        5
 Eringya's Noxious Bog    Alch           0%         4d6       100%        6


Dungeon Overview and Level Annotations

Branches:
Dungeon (13/15)            Temple (1/1) D:6            Lair (5/5) D:8
 Shoals (0/4) Lair:3        Snake (0/4) Lair:3        Slime (0/5) Lair:4
    Orc (0/2) D:9           IceCv (visited)
 Vaults: D:13-14

Altars:
Ashenzari
Cheibriados
Dithmenos
Fedhas
Gozag
Hepliaklqana
Kikubaaqudgha
Makhleb
Nemelex Xobeh
Okawaru
Qazlal
Ru
Sif Muna
Trog
Uskayaw
Vehumet
Wu Jian
Xom
Yredelemnul
Jiyva

Shops:
D:9 (   D:10 (

Annotations:
Lair:4 2 transporters, Munuj's ghost, journeyman MDFi


Innate Abilities, Weirdness & Mutations

You are a hulking beast.
Your limbs bulge with bestial killing power. (Slay +4)
You are immune to poison.
You have hooves in place of feet.
You are partially covered in sharp spines.
You are mostly covered in razor-sharp scales. (AC +2, Slay +2)
A meltable shield of frost defends you. (SH +0)


Message History

The blast of calcifying dust hits you but does no damage.
The water moccasin is engulfed in calcifying dust.
The water moccasin stops moving altogether!
The water moccasin is engulfed in calcifying dust.
The catoblepas barely misses you.
Your limbs are stiffening.
Unknown command.
You hit the catoblepas.
Lightning courses through the catoblepas!!
You kick the catoblepas, but do no damage.
The catoblepas is severely wounded.
You are engulfed in calcifying dust.
Your surroundings suddenly seem different.
A cane toad and a lindwurm come into view.
Found an orcbow.
The cane toad croaks.
The lindwurm roars!
You hear a bellow!
You have turned to stone.
The lindwurm breathes flames at you. The blast of flame hits you!!
Your condensation shield dissipates!
The fire burns you terribly!
* * * LOW HITPOINT WARNING * * *
The cane toad stings you. The cane toad stings you!
* * * LOW HITPOINT WARNING * * *
The cane toad is struck by your spines.
The cane toad stings you but does no damage.
The cane toad is struck by your spines.
The cane toad stings you but does no damage.
A komodo dragon comes into view.
The cane toad stings you but does no damage.
The lindwurm bites you but does no damage.
The lindwurm claws you but does no damage.
The lindwurm claws you!
* * * LOW HITPOINT WARNING * * *
The cane toad stings you!
* * * LOW HITPOINT WARNING * * *
The lindwurm breathes flames at you. The blast of flame hits you!!!
The fire burns you terribly!
You die...
Your body crumbles into a pile of gold.

.. ##........
... P........
.... .........
....##.........
......#........
...............
...............
.......h.......
.#....F.k......
...............
...............
...............
...............
.............l.
...###.####)..#


You could see a lindwurm (catching breath), a komodo dragon and a cane toad.

Vanquished Creatures
  A reaper (IceCv)
  Snorg (Lair:4)
  Josephine (D:13)
  4 hydras
  A centaur warrior (D:13)
  A boulder beetle (D:13)
  2 two-headed ogres
  Urug (Lair:2)
  Sonja (Lair:2)
  A deep elf pyromancer (D:11)
  A manticore (D:11)
  2 cyclopes
  An ugly thing (D:12)
  2 black mambas (Lair:3)
  A water nymph (Lair:3)
  7 cane toads
  2 ice statues (IceCv)
  A rime drake (Lair:4)
  4 komodo dragons
  2 unseen horrors
  A freezing wraith (IceCv)
  Maggie (D:7)
  3 ice devils (IceCv)
  Grinder (D:3)
  6 trolls
  3 blink frogs (Lair:2)
  3 slime creatures (D:13)
  A shadow (D:11)
  36 yaks
  A ynoxinul (D:9)
  A dire elephant simulacrum (IceCv)
  4 wyverns
  Grum (D:10)
  8 wraiths
  2 humans (D:7)
  2 vampire mosquitoes (D:11)
  8 basilisks
  2 steam dragons
  A death yak simulacrum (IceCv)
  2 harpy simulacra (IceCv)
  18 water moccasins
  A hydra simulacrum (IceCv)
  3 acid dragons
  4 orc warriors
  2 sky beasts (D:7)
  2 ice beasts (D:7)
  2 laughing skulls (D:13)
  6 black bears
  13 wolves
  5 centaurs
  2 kobold brigands
  13 bullfrogs
  3 cane toad simulacra (Lair:5)
  A scorpion (D:4)
  4 wights (D:9)
  14 killer bees (D:9)
  6 howler monkeys
  2 bombardier beetles
  3 hounds
  6 orc priests
  3 jellies
  3 iguanas
  Ijyb (D:4)
  Natasha (thrice) (D:4)
  11 orc wizards
  3 troll simulacra (IceCv)
  A polar bear simulacrum (IceCv)
  A spriggan simulacrum (IceCv)
  A wolf simulacrum (IceCv)
  Robin (D:4)
  4 gnolls (D:3)
  2 naga simulacra (IceCv)
  5 adders
  A shadow imp (D:6)
  4 white imps
  An ufetubus (IceCv)
  4 dart slugs
  A ribbon worm (D:4)
  45 orcs
  14 ball pythons
  3 bats
  9 endoplasms
  2 giant cockroaches
  16 goblins
  11 hobgoblins
  3 jackals (D:2)
  16 kobolds
  3 quokkas
  A frilled lizard (D:1)
  7 rats
414 creatures vanquished.

Vanquished Creatures (others)
  An ufetubus (IceCv)
1 creature vanquished.

Grand Total: 415 creatures vanquished

Notes
Turn   | Place    | Note
-------+----------+-------------------------------------------
     0 | D:1      | Maxmaps the Demonspawn Shapeshifter began the quest for the
                  | Orb.
     0 | D:1      | Reached XP level 1. HP: 15/15 MP: 1/1
   197 | D:1      | Gained mutation: You have large cloven feet. [demonic
                  | ancestry]
   197 | D:1      | Reached XP level 2. HP: 17/22 MP: 2/2
   910 | D:2      | Reached XP level 3. HP: 23/29 MP: 3/3
  1274 | D:2      | Gained mutation: You have hoof-like feet. [demonic
                  | ancestry]
  1274 | D:2      | Reached XP level 4. HP: 28/37 MP: 4/4
  1742 | D:3      | Found a hide-covered altar of Uskayaw.
  1869 | D:3      | Gained mutation: You are partially covered in razor-sharp
                  | scales. (AC +1, Slay +1) [demonic ancestry]
  1869 | D:3      | Reached XP level 5. HP: 36/43 MP: 5/5
  1930 | D:3      | Reached skill level 5 in Fighting
  2021 | D:3      | Noticed Grinder
  2022 | D:3      | Paralysed by Grinder for 2 turns
  2038 | D:3      | Killed Grinder
  2039 | D:3      | Gained mutation: You are partially covered in sharp spines.
                  | [demonic ancestry]
  2039 | D:3      | Reached XP level 6. HP: 53/53 MP: 6/6
  2212 | D:4      | Noticed Robin
  2220 | D:4      | Killed Robin
  2297 | D:4      | Noticed Natasha
  2305 | D:4      | Killed Natasha
  2339 | D:4      | Found a stormy altar of Qazlal.
  2347 | D:4      | Noticed Ijyb
  2363 | D:4      | Reached skill level 1 in Armour
  2455 | D:4      | Noticed Natasha
  2460 | D:4      | Killed Natasha
  2461 | D:4      | Reached XP level 7. HP: 54/60 MP: 7/7
  2554 | D:4      | Killed Ijyb
  2674 | D:4      | Noticed Natasha
  2680 | D:4      | Killed Natasha
  2720 | D:4      | Found a snail-covered altar of Cheibriados.
  3131 | D:5      | Entered Level 5 of the Dungeon
  3327 | D:5      | Found a radiant altar of Vehumet.
  3577 | D:5      | Noticed a steam dragon
  3589 | D:5      | Killed a steam dragon
  3955 | D:6      | Reached skill level 5 in Armour
  3956 | D:6      | Reached XP level 8. HP: 60/67 MP: 8/8
  4060 | D:6      | Reached skill level 1 in Polearms
  4114 | D:6      | Reached skill level 2 in Polearms
  4130 | D:6      | Reached skill level 3 in Polearms
  4189 | D:6      | Found a shadowy altar of Dithmenos.
  4244 | D:6      | Reached skill level 4 in Polearms
  4386 | D:6      | Reached skill level 5 in Polearms
  4402 | D:6      | Found a staircase to the Ecumenical Temple.
  4774 | D:7      | Reached skill level 6 in Polearms
  4841 | D:7      | Gained mutation: A meltable shield of frost defends you.
                  | (SH +0) [demonic ancestry]
  4841 | D:7      | Reached XP level 9. HP: 72/72 MP: 9/9
  4878 | D:7      | Found an iron altar of Okawaru.
  4886 | D:7      | Reached skill level 7 in Polearms
  5046 | D:7      | Noticed Maggie
  5056 | D:7      | Killed Maggie
  5057 | D:7      | Reached skill level 8 in Polearms
  5663 | D:8      | Reached skill level 9 in Polearms
  5747 | Temple   | Entered the Ecumenical Temple
  5754 | Temple   | Became a worshipper of Gozag Ym Sagoz the Greedy
  5966 | D:8      | Noticed a two-headed ogre
  5967 | D:8      | Found a staircase to the Lair.
  5968 | D:8      | Noticed a komodo dragon
  5982 | D:8      | Killed a komodo dragon
  5986 | D:8      | Reached skill level 10 in Polearms
  5986 | D:8      | Reached XP level 10. HP: 40/79 MP: 10/10
  6429 | D:8      | Killed a two-headed ogre
  6670 | D:9      | Found a broken altar of Ashenzari.
  6739 | D:9      | Reached skill level 11 in Polearms
  6824 | D:9      | Found Urodom's Weapon Shoppe.
  6824 | D:9      | Found a staircase to the Orcish Mines.
  7148 | D:9      | Found a basalt altar of Yredelemnul.
  7440 | D:9      | Found a bloodstained altar of Trog.
  7446 | D:9      | Reached skill level 12 in Polearms
  7483 | D:9      | Found a shimmering blue altar of Sif Muna.
  7487 | D:9      | Got Sif Muna's Volume of Quicksand and Malediction
  7861 | D:10     | Entered Level 10 of the Dungeon
  8036 | D:10     | Found a blossoming altar of Fedhas.
  8257 | D:10     | Found Ceunanyrr's Weapon Shoppe.
  8433 | D:10     | Gained mutation: You are mostly covered in razor-sharp
                  | scales. (AC +2, Slay +2) [demonic ancestry]
  8433 | D:10     | Reached XP level 11. HP: 66/84 MP: 11/11
  8764 | D:10     | Reached skill level 13 in Polearms
  8927 | D:11     | Noticed Grum
  9254 | D:10     | Killed Grum
  9634 | D:11     | Noticed a deep elf pyromancer
  9649 | D:11     | Killed a deep elf pyromancer
  9650 | D:11     | Reached skill level 14 in Polearms
 10342 | D:12     | Noticed a two-headed ogre
 10349 | D:12     | Killed a two-headed ogre
 10370 | D:12     | Noticed a green ugly thing
 10377 | D:12     | Killed a green ugly thing
 10378 | D:12     | Reached skill level 5 in Shapeshifting
 10898 | D:13     | Noticed Josephine
 10909 | D:13     | Killed Josephine
 11048 | D:13     | Noticed a boulder beetle
 11060 | D:13     | Killed a boulder beetle
 11061 | D:13     | Reached XP level 12. HP: 77/91 MP: 12/12
 11394 | D:13     | Noticed a centaur warrior
 11401 | D:13     | Killed a centaur warrior
 11988 | Lair:1   | Entered Level 1 of the Lair of Beasts
 11989 | Lair:1   | Noticed a six-headed hydra
 12004 | D:8      | Killed a six-headed hydra
 13501 | Lair:2   | Reached skill level 10 in Shapeshifting
 13531 | Lair:2   | Noticed Urug
 13545 | Lair:2   | Killed Urug
 13729 | Lair:2   | Noticed Sonja
 13740 | Lair:2   | Killed Sonja
 14243 | Lair:3   | Found a staircase to the Snake Pit.
 14381 | Lair:3   | Found an iron altar of Okawaru.
 15027 | Lair:4   | Gained mutation: You have hooves in place of feet. [demonic
                  | ancestry]
 15027 | Lair:4   | Reached XP level 13. HP: 77/96 MP: 13/13
 15054 | Lair:4   | Noticed Snorg
 15071 | Lair:4   | Killed Snorg
 15758 | Lair:4   | Found a transporter.
 15760 | Lair:4   | Noticed Munuj's ghost (journeyman MDFi)
 15833 | Lair:4   | Found a transporter.
 15846 | Lair:4   | Found a viscous altar of Jiyva.
 15846 | Lair:4   | Found a staircase to the Slime Pits.
 16452 | Lair:5   | Entered Level 5 of the Lair of Beasts
 16477 | Lair:5   | Found a frozen archway.
 16486 | IceCv    | Entered an ice cave
 16806 | IceCv    | Noticed a reaper
 16816 | IceCv    | Killed a reaper
 17164 | Lair:5   | Killed from afar by a lindwurm

Illustrated notes

Levels and vault maps discovered:
D:1:      saegor_arrival_simple_e, layout_loops_cross
D:2:      layout_basic, minivault_23, minmay_shallow_snake_nest
D:3:      layout_rooms, general_overflow_altar, uniq_grinder
D:4:      layout_gridville, mainiacjoe_overflow_tiny_flanked,
          cheibrodos_worm_habitat, uniq_ijyb, uniq_robin, uniq_natasha
D:5:      layout_basic, mainiacjoe_overflow_brackets
D:6:      layout_cave_pools, lemuel_tele_altar, temple_pool_b,
          minmay_misc_feat_nine_boxes
D:7:      layout_cave_pools, okawaru_humans, serial_glass, glass_columns_a,
          glass_columns_b, uniq_maggie
D:8:      layout_loops_ring, nicolae_overflow_crystal_walls, erik_lair_dragon
D:9:      layout_stronghold, nzn_overflow_gifts_of_might_and_magic,
          ashenzari_altar_1, kennysheep_mini_moat, orc_david_3
D:10:     layout_basic, amcnicky_altar_gilded, serial_curves, eino_curves_03,
          eino_curves_02, eino_curves_02, serial_shops, shop
D:11:     layout_basic, uniq_grum
D:12:     layout_basic
D:13:     layout_basic, uniq_josephine
Temple:   eino_temple_lava
Lair:1:   layout_layer_cave, chequers_serial_rivers_micro_d
Lair:2:   layout_gridlike, uniq_urug, uniq_sonja
Lair:3:   layout_small_grid, nicolae_shoals_entry_flooding,
          minmay_snake_entry_six_corridors, basic_altar
Lair:4:   layout_layer_cave, slime_entry_1, gammafunk_ghost_arena,
          grunt_megastairs_5, serial_bayou_shore_b, uniq_snorg
Lair:5:   hellmonk_lair_end_abyssal_woods, layout_small_grid,
          portal_ice_cave_entry_ice_simulacra, ebering_ghost_rock_garden

Skill      XL: |  1  2  3  4  5  6  7  8  9 10 11 12 13 |
---------------+----------------------------------------+-----
Fighting       | 2 3 4 6 7 |  7.1
Armour         | 1 5 |  5.3
Polearms       | 6 10 12 14 | 14.1
Shapeshifting  | 7 11 13 | 13.4
Dodging        | |  1.7
Unarmed Combat | |  2.6

Action                     |  1- 3 |  4- 6 |  7- 9 | 10-12 | 13-15 || total
---------------------------+-------+-------+-------+-------+-------++-------
  Melee: Unarmed           |   117 |   102 |    69 |       |       ||   288
         Kick              |    16 |    25 |    55 |   145 |    67 ||   308
         Punch             |     1 |     3 |     3 |       |       ||     7
         Demon trident     |       |       |   153 |   551 |   193 ||   897
         Falchion          |       |       |     2 |       |       ||     2
    Use: Potion            |       |     3 |     2 |       |     3 ||     8
         Scroll            |       |       |    16 |     2 |    10 ||    28
   Stab: Distracted        |       |       |       |     4 |       ||     4
         Petrified         |       |       |       |       |     2 ||     2
 Armour: Animal skin       |    21 |       |       |       |       ||    21
         Leather armour    |    30 |       |       |       |       ||    30
         Ring mail         |    25 |    63 |    24 |       |       ||   112
         Skin              |       |     6 |       |       |       ||     6
         Chain mail        |       |       |   111 |       |       ||   111
         Swamp dragon scal |       |       |    19 |   209 |    65 ||   293
         Scale mail        |       |       |     4 |       |    51 ||    55
         Ice dragon scales |       |       |       |       |    28 ||    28
  Dodge: Dodged            |    62 |    41 |    70 |   183 |    74 ||   430
  Block: Other             |       |       |     4 |    54 |    23 ||    81

Table legend: (Time is in decaauts)
 A = Elapsed time spent in this place.
 B = Non-inter-level travel time spent in this place.
 C = Inter-level travel time spent in this place.
 D = Time resting spent in this place.
 E = Time spent auto-exploring this place.
 F = Levels seen in this place.
 G = Mean time per level.
                   A        B        C        D        E       F      G
               +--------+--------+--------+--------+--------+-----+--------+
         Total |  16929 |  15818 |   1111 |   1268 |  12003 |  20 |  846.5 |
       Dungeon |  12133 |  11165 |    968 |   1117 |   8389 |  13 |  933.3 |
        Temple |     15 |      3 |     12 |      0 |      0 |   1 |   15.0 |
          Lair |   4227 |   4097 |    130 |     49 |   3466 |   5 |  845.4 |
      Ice Cave |    551 |    551 |      0 |    102 |    148 |   1 |  551.0 |
               +--------+--------+--------+--------+--------+-----+--------+

Top non-repeatable levels by time:
    D:10: 1467 daAuts
     D:8: 1429 daAuts
  Lair:4: 1423 daAuts
     D:9: 1310 daAuts
  Lair:1: 1151 daAuts
    D:13: 1068 daAuts
     D:4: 956 daAuts
     D:7: 853 daAuts
     D:1: 817 daAuts
  Lair:3: 814 daAuts
     D:2: 777 daAuts
    D:11: 748 daAuts
  Lair:2: 734 daAuts
     D:5: 732 daAuts
     D:6: 699 daAuts
